 Dungeon Crawl Stone Soup version 0.25.0-11-g1f837a76a1 (webtiles) character file.

Game seed: 1530010546504315848

(classic levelgen) 5058 EnegeticOcto the Cleaver (level 10, 46/94 HPs)
             Began as a Deep Dwarf Fighter on June 24, 2020.
             Was a Believer of Makhleb.
             Quit the game on level 10 of the Dungeon.
             The game lasted 00:04:09 (4782 turns).

EnegeticOcto the Cleaver (Deep Dwarf Fighter)       Turns: 4782, Time: 00:04:09

Health: 46/94      AC: 15    Str: 23    XL:     10   Next: 31%
Magic:  7/7        EV:  9    Int:  9    God:    Makhleb [**....]
Gold:   101        SH: 16    Dex: 12    Spells: 9/9 levels left

rFire    . . .     SeeInvis .   a - +1 war axe
rCold    . . .     Gourm    .   c - +0 kite shield
rNeg     . . .     Faith    .   g - +0 chain mail
rPois    +         Spirit   .   I - +1 helmet
rElec    .         Reflect  +   m - +0 cloak {Stlth+}
rCorr    .         Harm     .   (no gloves)
MR       +....                  z - +0 pair of boots
Stlth    ..........             F - amulet of reflection
HPRegen  0.00/turn              p - ring of poison resistance
MPRegen  0.10/turn              (no ring)

@: non-regenerating
A: damage resistance, heal wounds, blurry vision 1, sense surroundings 2,
MP-powered wands, no regeneration
a: Heal Wounds, Minor Destruction, Renounce Religion


You were on level 10 of the Dungeon.
You worshipped Makhleb.
Makhleb was pleased with you.
You were hungry.

You visited 2 branches of the dungeon, and saw 11 of its levels.
You also visited: Sewer.

You collected 317 gold pieces.
You spent 216 gold pieces at shops.

Inventory:

Hand Weapons
 a - a +1 war axe (weapon)
Armour
 c - a +0 kite shield (worn)
 g - a +0 chain mail (worn)
 m - a +0 cloak of stealth (worn)
 z - a +0 pair of boots (worn)
 I - a +1 helmet (worn)
Jewellery
 p - a ring of poison resistance (left hand)
 q - a cursed -4 ring of strength {unknown}
 F - an amulet of reflection (around neck)
Wands
 l - a wand of paralysis (5)
 x - a wand of polymorph (8)
 B - a wand of iceblast (11) {@v2}
Scrolls
 f - 3 scrolls of remove curse {@r2}
 h - a scroll of immolation {@r7}
 y - a scroll of teleportation {@r3}
Potions
 i - 5 potions of flight
 j - 3 potions of stabbing {@q5}
 k - 3 potions of might {@q3}
 n - 2 potions of resistance {unknown}
 o - 4 potions of berserk rage
 s - a potion of cancellation {unknown}
 t - 5 potions of curing {unknown}
 v - 2 potions of brilliance {unknown}
 w - a potion of magic {unknown}
 A - a potion of heal wounds {unknown}
 C - 2 potions of haste {@q4}
 E - a potion of invisibility {unknown}
Comestibles
 e - 13 rations


   Skills:
 * Level 7.5 Fighting
 * Level 8.6 Axes
 + Level 6.7 Armour
 + Level 5.7 Dodging
 + Level 6.7 Shields
 * Level 7.2 Invocations


You had 9 spell levels left.
You didn't know any spells.
Your spell library contained the following spells:

 Spells                   Type           Power        Failure   Level  Hunger
 Beastly Appendage        Tmut           #.....       100%        1    ##.....
 Foxfire                  Conj/Fire      #...         100%        1    ##.....
 Magic Dart               Conj           #...         100%        1    ##.....
 Sticks to Snakes         Tmut           #.......     100%        2    ###....
 Conjure Flame            Conj/Fire      #.......     100%        3    ####...
 Spider Form              Tmut/Pois      #.........   100%        3    ####...
 Ice Form                 Ice/Tmut       #.......     100%        4    #####..
 Blade Hands              Tmut           #.........   100%        5    ######.
 Orb of Destruction       Conj           #.........   100%        7    #######
 Ring of Flames           Chrm/Fire      #.........   100%        7    #######


Dungeon Overview and Level Annotations

Branches:
Dungeon (10/15)            Temple (1/1) D:6           Sewer (visited)
   Lair: D:8-11         Orc: D:9-12

Altars:
Dithmenos
Elyvilon
Makhleb
Nemelex Xobeh
Okawaru
Qazlal
Ru
Sif Muna
Uskayaw
Xom
Zin

Shops:
D:9 !

Annotations:
D:9 1 exclusion
D:10 1 runed translucent door


Innate Abilities, Weirdness & Mutations

You are resistant to damage.
You can heal yourself by infusing magical energy.
You passively map the area around you.
You do not regenerate.
Scrolls take you a little longer to read.
You expend magic power (3 MP) to strengthen your wands.


Message History

No target in view!
No target in view!
No target in view!
No target in view!
No target in view!
There is an open door here.
You open the door.
Found a mace and a long sword.
There is an open door here.
Found a robe.
The wight picks up a scroll of random uselessness.
You open the door.
Found an escape hatch in the ceiling.
Found a stone staircase leading up.
There is an open door here.
An electric eel comes into view.
The electric eel shoots out a bolt of lightning at you!
The bolt of electricity hits you!
Found a stone staircase leading up.
An electric eel comes into view.
The electric eel shoots out a bolt of lightning at you!
The bolt of electricity hits you.
Found 16 gold pieces.
There are monsters nearby!
A troll and an electric eel come into view.
The troll shouts!
A hound comes into view.
The electric eel shoots out a bolt of lightning at you!
The bolt of electricity hits you!
The electric eel shoots out a bolt of lightning at you!
The bolt of electricity hits you!
A hound comes into view.
The hound barks!
You hear a howl!
A hound comes into view.
The hound barks!
The electric eel shoots out a bolt of lightning at you!
The bolt of electricity hits you!
You are too injured to fight recklessly!
You are too injured to fight recklessly!
You are too injured to fight recklessly!
You are too injured to fight recklessly!
You are too injured to fight recklessly!
You are too injured to fight recklessly!
You are too injured to fight recklessly!
You are too injured to fight recklessly!
You are too injured to fight recklessly!
There are monsters nearby!
There are monsters nearby!
There are monsters nearby!
There are monsters nearby!
You are too injured to fight recklessly!
You feel much better.
A wolf comes into view.
A hound comes into view.
The wolf howls!
You slash the troll!
The troll is moderately wounded.
You block the troll's attack. The troll claws you.
You block the troll's attack.
A worker ant zombie comes into view.
You slash the troll!
The troll is heavily wounded.
You barely miss the electric eel. You block the troll's attack.
The troll claws you but does no damage. The troll claws you.
An electric eel comes into view.
The electric eel shoots out a bolt of lightning at you!
The bolt of electricity misses you. You block the troll's attack.
The troll claws you. x2
You closely miss the troll.
The troll is heavily wounded.
You hit the electric eel. You block the troll's attack. x2
The troll claws you.
You hit the troll.
The troll is heavily wounded.
You barely miss the electric eel.
You are feeling hungry.
The electric eel shoots out a bolt of lightning at you!
The bolt of electricity hits the electric eel.
The electric eel completely resists.
The bolt of electricity hits you.
An electric eel comes into view.
You block the troll's attack. The troll closely misses you.
You block the troll's attack.
You slash the troll!
The troll is severely wounded.
You hit the electric eel. You closely miss the electric eel.
The electric eel shoots out a bolt of lightning at you!
The bolt of electricity hits you! You block the wolf's attack.
You block the troll's attack. The troll claws you. The troll misses you.
You are too injured to fight recklessly!
You are too injured to fight recklessly!
You are too injured to fight recklessly!
You are too injured to fight recklessly!
You are too injured to fight recklessly!
You are too injured to fight recklessly!
You are too injured to fight recklessly!
You are too injured to fight recklessly!
You are too injured to fight recklessly!
You are too injured to fight recklessly!
You are too injured to fight recklessly!
You are too injured to fight recklessly!
You are too injured to fight recklessly!
Are you sure you want to abandon this character and quit the game? (Confirm with "yes".)

, ,, ≈ ≈ ≈ *
,....≈≈≈≈≈≈.;.,, ,
............ , *
*####...;≈≈≈≈..., ≈ * ,
,....$...Z≈≈≈h..,≈, , ,
,..<...≈≈≈≈≈≈h;≈ , ,
.......≈≈≈≈≈≈≈≈ ≈ *,
.......T;≈h..≈≈ ≈,
*#+#####...@;h.....,≈ ,
,, ,...........h......
, ,...........#...... ,
, ........##.#......
,,,, , ##......##.#
....., ... ,
........##.# ....., ,
,... , ........##.#
.... .. ..
...........########
.... #
****########...........
.....##


You could see a troll, a wolf, 4 hounds, 5 electric eels and a worker ant
zombie.

Vanquished Creatures
  A two-headed ogre (D:8)
  Psyche (D:8)
  Maggie (D:8)
  A wraith (D:9)
  A hungry ghost (D:8)
  Edmund (D:6)
  Menkaure (D:4)
  A soldier ant (D:8)
  4 sky beasts
  A phantom (D:10)
  2 centaurs
  3 ice beasts
  6 ogres
  2 big kobolds
  4 bullfrogs
  A scorpion (D:8)
  A wyvern skeleton (D:8)
  A troll zombie (D:9)
  6 wights (D:9)
  3 howler monkeys
  A crimson imp (D:8)
  A bullfrog zombie (D:7)
  2 hounds
  2 jellies
  3 orc priests
  A gnoll shaman (D:4)
  A bullfrog skeleton (D:9)
  7 worker ants
  4 orc wizards
  2 hound skeletons
  A howler monkey skeleton (D:9)
  5 gnolls (D:4)
  8 adders
  3 river rats
  2 shadow imps
  An ooze (D:4)
  2 worms
  A dart slug (D:3)
  2 leopard geckos
  15 orcs
  2 ball pythons (D:5)
  6 giant cockroaches
  2 goblins (D:3)
  4 hobgoblins (D:3)
  14 jackals
  9 kobolds
  A quokka (D:6)
  2 frilled lizards
  A jackal skeleton (D:8)
  6 rats
153 creatures vanquished.

Vanquished Creatures (others)
  A kobold (D:7)
1 creature vanquished.

Grand Total: 154 creatures vanquished

Notes
Turn   | Place    | Note
-------+----------+-------------------------------------------
     0 | D:1      | EnegeticOcto the Deep Dwarf Fighter began the quest for the
                  | Orb.
     0 | D:1      | Reached XP level 1. HP: 20/20 MP: 1/1
   161 | D:3      | Reached XP level 2. HP: 25/27 MP: 2/2
   200 | D:3      | Reached XP level 3. HP: 29/34 MP: 3/3
   218 | D:3      | Found a hide-covered altar of Uskayaw.
   224 | D:3      | Reached skill level 1 in Dodging
   226 | D:3      | Reached skill level 3 in Axes
   304 | D:3      | Reached XP level 4. HP: 33/42 MP: 4/4
   363 | D:4      | Reached XP level 5. HP: 43/50 MP: 5/5
   404 | D:4      | Noticed Menkaure
   421 | D:4      | Killed Menkaure
   421 | D:4      | Reached skill level 4 in Axes
   421 | D:4      | Reached XP level 6. HP: 50/57 MP: 4/4
   460 | D:4      | Found a white marble altar of Elyvilon.
   985 | D:5      | Entered Level 5 of the Dungeon
  1213 | D:5      | Reached XP level 7. HP: 52/66 MP: 5/5
  1267 | D:5      | Found a glowing drain.
  1278 | D:5      | Reached skill level 5 in Axes
  1291 | Sewer    | Entered a sewer
  1389 | Sewer    | Found a white marble altar of Elyvilon.
  1593 | D:5      | Identified the Collected Works on Heat and Combat Magic
  1849 | D:6      | Reached skill level 5 in Fighting
  1946 | D:6      | Reached skill level 5 in Armour
  1946 | D:6      | Reached skill level 5 in Shields
  1946 | D:6      | Reached XP level 8. HP: 27/74 MP: 5/5
  2106 | D:6      | Found a staircase to the Ecumenical Temple.
  2135 | Temple   | Entered the Ecumenical Temple
  2262 | Temple   | Became a worshipper of Makhleb the Destroyer
  2410 | D:6      | Noticed Edmund
  2424 | D:6      | Killed Edmund
  2424 | D:6      | Reached skill level 6 in Axes
  2424 | D:6      | Reached skill level 1 in Invocations
  3170 | D:8      | Noticed Maggie
  3193 | D:8      | Killed Maggie
  3193 | D:8      | Reached skill level 7 in Axes
  3193 | D:8      | Gained mutation: You passively map the area around you.
                  | [Deep Dwarf growth]
  3193 | D:8      | Reached XP level 9. HP: 55/82 MP: 6/8
  3241 | D:8      | Noticed a two-headed ogre
  3266 | D:8      | Killed a two-headed ogre
  3266 | D:8      | Reached skill level 5 in Invocations
  3296 | D:8      | Reached skill level 5 in Dodging
  3395 | D:8      | Reached * piety under Makhleb
  3478 | D:8      | Noticed Maurice
  3487 | D:8      | Paralysed by something for 4 turns
  3491 | D:8      | Noticed Maurice
  3503 | D:8      | Killed Maurice the soldier ant
  3530 | D:8      | Noticed Psyche
  3536 | D:8      | Killed Psyche
  3536 | D:8      | Reached skill level 8 in Axes
  3895 | D:9      | Reached XP level 10. HP: 65/94 MP: 6/6
  4170 | D:9      | Reached ** piety under Makhleb
  4310 | D:9      | Found a white marble altar of Elyvilon.
  4350 | D:9      | Found a shimmering blue altar of Sif Muna.
  4356 | D:9      | Found a shimmering altar of Xom.
  4370 | D:9      | Found Kekkun's Distillery.
  4378 | D:9      | Bought a potion of haste for 120 gold pieces
  4378 | D:9      | Bought a potion of mutation for 96 gold pieces
  4378 | D:9      | Gained mutation: You occasionally shout uncontrollably at
                  | your foes. [potion of mutation]
  4378 | D:9      | Gained mutation: You are agile. (Dex +2) [potion of
                  | mutation]
  4379 | D:9      | Lost mutation: You occasionally shout uncontrollably at
                  | your foes. [potion of mutation]
  4379 | D:9      | Lost mutation: You are agile. (Dex +2) [potion of mutation]
  4379 | D:9      | Gained mutation: Scrolls take you a little longer to read.
                  | [potion of mutation]
  4379 | D:9      | Gained mutation: You expend magic power (3 MP) to
                  | strengthen your wands. [potion of mutation]
  4607 | D:10     | Entered Level 10 of the Dungeon
  4690 | D:10     | Found a runed translucent door.
  4782 | D:10     | Quit the game

Illustrated notes

Levels and vault maps discovered:
D:1:      mrwooster_arrival_statue_3, layout_basic
D:2:      layout_basic, old_standard_altar, lightli_temple_of_fire, uniq_jessica
D:3:      layout_basic, lemuel_round_altar
D:4:      layout_basic, elyvilon_altar_4, uniq_menkaure
D:5:      layout_cave_pods, first_ration, portal_sewer_entry_b
D:6:      layout_gridville, minmay_temple_entry_crystal_x, uniq_edmund
D:7:      layout_basic
D:8:      layout_loops_ring, uniq_maurice, uniq_psyche, uniq_maggie
D:9:      layout_roguey, lemuel_mausoleum_altar_yredelemnul, minitemple,
          serial_shops, nicolae_shop_stone
D:10:     layout_stronghold, erik_lair_island, minmay_st_funbox,
          hangedman_fish_farm
Temple:   regret_index_temple_generic_petals

Skill      XL: |  1  2  3  4  5  6  7  8  9 10 |
---------------+-------------------------------+-----
Fighting       | 3 4 5 6 7 |  7.5
Dodging        | 1 2 3 4 5 |  5.7
Axes           | 3 4 5 7 8 |  8.6
Armour         | 4 5 6 |  6.7
Shields        | 4 5 6 |  6.7
Invocations    | 4 6 7 |  7.2

Action                   |  1- 3 |  4- 6 |  7- 9 | 10-12 || total
-------------------------+-------+-------+-------+-------++-------
Melee: War axe           |    41 |    79 |   385 |   164 ||   669
 Abil: Heal Wounds       |       |    14 |    20 |     4 ||    38
Evoke: Wand              |       |       |     1 |       ||     1
  Use: Scroll            |       |       |    12 |     1 ||    13
       Potion            |       |       |       |     2 ||     2
  Eat: Chunk             |       |     1 |    11 |     3 ||    15
Armor: Scale mail        |    20 |    36 |   102 |       ||   158
       Chain mail        |       |       |    26 |    62 ||    88
Dodge: Dodged            |    27 |    41 |   140 |    20 ||   228
Block: Kite shield       |    26 |    68 |   218 |   120 ||   432
       Reflection        |       |       |     3 |       ||     3
